 Dungeon Crawl Stone Soup version 0.28.0-45-g0d030f2227 (webtiles) character file.

Game seed: 15569104567656727303

1360 theElss the Skirmisher (level 8, -1/51 HPs)
             Began as a Gargoyle Berserker on Mar 31, 2022.
             Was a Priest of Trog.
             Slain by a wight
             ... wielding a +4 mace
              (7 damage)
             ... on level 8 of the Dungeon.
             The game lasted 00:09:41 (5345 turns).

theElss the Skirmisher (Gargoyle Berserker)         Turns: 5345, Time: 00:09:42

Health: -1/51      AC: 19    Str: 21    XL:     8   Next: 64%
Magic:  8/8        EV:  7    Int:  8    God:    Trog [***...]
Gold:   157        SH:  4    Dex: 11    Spells: 7/7 levels left

rFire   . . .      SeeInvis .   h - +3 whip
rCold   . . .      Faith    .   i - +0 buckler
rNeg    + . .      Spirit   .   b - +0 plate armour
rPois   ∞          Reflect  .   (no helmet)
rElec   +          Harm     .   (no cloak)
rCorr   .          Rampage  .   (no gloves)
Will    .....                   n - +0 pair of boots
Stlth   ..........              (no amulet)
HPRegen 0.17/turn               (no ring)
MPRegen 0.11/turn               (no ring)

@: about to teleport, on berserk cooldown
A: sickness immunity, AC +5, negative energy resistance 1, electricity
resistance, torment resistance 1, petrification resistance
a: Renounce Religion, Berserk, Trog's Hand


You were on level 8 of the Dungeon.
You worshipped Trog.
Trog was most pleased with you.
You visited 1 branch of the dungeon, and saw 6 of its levels.

You collected 157 gold pieces.

Inventory:

Hand Weapons
 h - a +3 whip (weapon)
Armour
 b - a +0 plate armour (worn)
 i - a +0 buckler (worn)
 n - a +0 pair of boots (worn)
Wands
 m - a wand of paralysis (9)
 p - a wand of flame (21)
Scrolls
 g - a scroll of enchant armour {unknown}
 j - a scroll of enchant weapon {unknown}
 q - a scroll of identify
 s - a scroll of summoning {unknown}
 t - a scroll of blinking {unknown}
Potions
 a - 3 potions of curing
 c - 2 potions of ambrosia
 d - a potion of berserk rage {unknown}
 f - 4 potions of lignification
 k - a potion of resistance
 l - a potion of haste {unknown}
 o - 2 potions of magic {unknown}
 r - a potion of flight {unknown}
 u - a potion of degeneration {unknown}


   Skills:
 + Level 6.1 Fighting
 + Level 5.5 Maces & Flails
 + Level 5.5 Armour
 + Level 4.1 Dodging
 + Level 4.2 Shields


You had 7 spell levels left.
You didn't know any spells.
Your spell library was empty.

Dungeon Overview and Level Annotations

Branches:
Dungeon (5/15)
 Temple: D:4-7

Altars:
Fedhas
Sif Muna
Uskayaw
Xom
Zin

Shops:
D:3 *


Innate Abilities, Weirdness & Mutations

You are immune to sickness and miasma.
Your stone body is resilient. (AC +5)
You are immune to poison.
You resist negative energy. (rN+)
You are resistant to electric shocks. (rElec)
You are resistant to unholy torment.
You are immune to petrification.


Message History

The wight is moderately damaged.
The wight hits you but does no damage.
You barely miss the wight.
The wight is moderately damaged.
The wight closely misses you. The wight hits you but does no damage.
You closely miss the wight.
The wight is moderately damaged.
The wight barely misses you.
You closely miss the wight.
The wight is moderately damaged.
The wight hits you with a +4 mace.
You hit the wight.
The wight is moderately damaged.
The wight closely misses you. The wight hits you with a +4 mace.
You closely miss the wight.
The wight is moderately damaged.
The wight hits you with a +4 mace!
* * * LOW HITPOINT WARNING * * *
Okay, then.
You hit the wight.
The wight is heavily damaged.
The wight hits you with a +4 mace.
* * * LOW HITPOINT WARNING * * *
You hit the wight but do no damage.
The wight is heavily damaged.
The wight barely misses you.
You hit the wight but do no damage.
The wight is heavily damaged.
The wight closely misses you. The wight hits you with a +4 mace!
* * * LOW HITPOINT WARNING * * *
Okay, then.
Okay, then.
Press: ? - help, v - describe, . - travel
Here: a wight, wielding a +4 mace and wearing a +0 robe (heavily damaged)
The floor.
As you read the scroll labelled WIPIOZ YZXUFI, it crumbles to dust.
You feel strangely unstable.
It was a scroll of teleportation.
You feel yourself speed up. The wight hits you with a +4 mace!
You die...

##################
###......#.........#
#.z@...............#
#.###.........###..#
#)# ####...#### #...
#z## ##### #..# #..#
...# #).# #...#
#..## #..#. ##..#
..### #..# D# ..


You could see a wight.

Vanquished Creatures
  Sigmund (D:4)
  A steam dragon (D:8)
  Edmund (D:4)
  2 necrophages (D:8)
  An ogre (D:5)
  2 scorpions (D:5)
  A wight (D:8)
  A hound (D:4)
  2 jellies (D:5)
  A bullfrog skeleton (D:5)
  A gnoll shaman (D:8)
  A centaur skeleton (D:5)
  2 orc priests
  Terence (D:2)
  An orc wizard (D:3)
  3 iguanas
  5 gnolls
  An adder (D:2)
  2 worms
  3 dart slugs (D:2)
  22 orcs
  4 bats
  6 endoplasms
  4 giant cockroaches
  5 hobgoblins
  2 quokkas (D:1)
  8 ball pythons
  8 frilled lizards
  9 goblins
  9 kobolds
  3 rats
113 creatures vanquished.

Notes
Turn   | Place    | Note
-------+----------+-------------------------------------------
     0 | D:1      | theElss the Gargoyle Berserker began the quest for the Orb.
     0 | D:1      | Reached XP level 1. HP: 14/14 MP: 1/1
   420 | D:1      | Reached XP level 2. HP: 19/19 MP: 2/2
  1064 | D:1      | Reached XP level 3. HP: 23/23 MP: 3/3
  1393 | D:2      | Reached ** piety under Trog
  1400 | D:2      | Noticed Terence
  1407 | D:2      | Killed Terence
  1411 | D:2      | Reached XP level 4. HP: 29/29 MP: 4/4
  1656 | D:2      | Found a faded altar of an unknown god.
  1830 | D:2      | Reached skill level 4 in Fighting
  2460 | D:3      | Found Ularchaur's Assorted Antiques.
  2505 | D:3      | Reached XP level 5. HP: 28/33 MP: 5/5
  3278 | D:4      | Reached skill level 1 in Shields
  3521 | D:4      | Reached *** piety under Trog
  3522 | D:4      | Reached XP level 6. HP: 26/39 MP: 6/6
  3644 | D:4      | Found a shimmering blue altar of Sif Muna.
  3745 | D:4      | Found a blossoming altar of Fedhas.
  3780 | D:4      | Noticed Edmund
  3796 | D:4      | Killed Edmund
  3975 | D:4      | Noticed Sigmund
  3981 | D:4      | Killed Sigmund
  3982 | D:4      | Reached XP level 7. HP: 44/44 MP: 7/7
  4210 | D:4      | Found a shimmering altar of Xom.
  4210 | D:4      | Found a hide-covered altar of Uskayaw.
  4218 | D:4      | Found a faded altar of an unknown god.
  4220 | D:4      | Found a glowing silver altar of Zin.
  4222 | D:4      | Found a faded altar of an unknown god.
  4360 | D:5      | Entered Level 5 of the Dungeon
  4381 | D:5      | Reached skill level 5 in Fighting
  4725 | D:5      | Reached skill level 5 in Maces & Flails
  4725 | D:5      | Reached XP level 8. HP: 39/50 MP: 8/8
  4857 | D:5      | Reached skill level 5 in Armour
  5117 | D:5      | You fall into a shaft and drop 3 floors!
  5308 | D:8      | Reached skill level 6 in Fighting
  5345 | D:8      | Slain by a wight

Illustrated notes

Levels and vault maps discovered:
D:1:      dpeg_arrival_arbitrary_c, layout_loops_ring, chequers_jeans,
          roderic_lattice_a
D:2:      layout_basic, dreamdust_ecumenical_altar_statues,
          kennysheep_nondescript, corexii_shack, kennysheep_generic_room_10,
          uniq_terence
D:3:      layout_basic, serial_shops, shop
D:4:      layout_basic, led_sif_pool, chequers_temple_overflow_minitemple,
          fedhas_altar_1, uniq_edmund, uniq_sigmund
D:5:      layout_gridville, st_stairs_9
D:8:      layout_loops_ring, grunt_qazlal_clouds, grunt_decor_junction,
          kennysheep_decorative_pillar, hangedman_decor_clover_reticule,
          hangedman_abyss_or_decor_slice, minmay_pinched_square

Skill      XL: |  1  2  3  4  5  6  7  8 |
---------------+-------------------------+-----
Dodging        | 2 3 4 |  4.1
Armour         | 3 4 5 |  5.5
Fighting       | 4 5 6 |  6.1
Shields        | 1 2 3 4 |  4.2
Maces & Flails | 4 5 |  5.5

Action                   |  1- 3 |  4- 6 |  7- 9 || total
-------------------------+-------+-------+-------++-------
Melee: Mace              |    80 |       |       ||    80
       Punch             |     2 |       |       ||     2
       Whip              |    14 |   205 |   152 ||   371
Invok: Berserk           |     2 |     2 |     2 ||     6
       Trog's Hand       |       |       |     2 ||     2
  Use: Scroll            |       |       |     5 ||     5
 Stab: Sleeping          |     1 |       |       ||     1
Armor: Animal skin       |     7 |       |       ||     7
       Leather armour    |    26 |       |       ||    26
       Ring mail         |     6 |    12 |       ||    18
       Plate armour      |       |   101 |    69 ||   170
Dodge: Dodged            |    53 |    58 |    40 ||   151
Block: Buckler           |       |    12 |    22 ||    34
